Map: [ESL] Gresvan

Players

marcj (uThermal) - Winner!

  • Race: Terran Terran
  • League: Master
  • Spawn Location: 5:00

Mixu

  • Race: Zerg Zerg
  • League: Grandmaster
  • Spawn Location: 11:00

Event: HomeStory Cup XXIII

VOD

Have the link to the VOD?

Description

Time

  • Played on: July 1, 2023, 3:14 p.m.
  • Length: 7:07

All games in this series

Show
View Real Time Build Order
Export as new Build Order

marcj Terran - Winner!

Build Orders: 2 Factory, Hellion Opening 

Get SALT Encoding   

  12  0:00  SCV  
  13  0:12  SCV  
  14  0:16  Supply Depot  
  14  0:24  SCV  
  14  0:27  Refinery  
  15  0:38  SCV  
  16  0:44  Barracks  
  16  0:50  SCV  
  17  1:02  SCV  
  18  1:14  SCV  
  19  1:31  Orbital Command, Barracks Reactor  
  19  1:43  Command Center  
  19  1:58  Factory  
  19  1:59  SCV  
  20  2:06  Marine  
  20  2:07  Marine  
  22  2:11  Supply Depot  
  22  2:16  SCV  
  23  2:25  Factory  
  23  2:33  Marine x2, SCV  
  26  2:42  Hellion  
  28  2:45  SCV  
  28  2:50  Marine x2  
  31  2:55  Orbital Command  
  31  3:03  Armory  
  30  3:08  Hellion  
  33  3:15  SCV  
  37  3:20  Hellion x2  
  37  3:22  SCV  
  38  3:29  SCV  
  38  3:30  Supply Depot  
  39  3:34  SCV  
  39  3:36  Hellion  
  39  3:41  SCV, Hellion  
  44  3:46  SCV  
  44  3:47  Hellion  
  45  3:53  SCV  
  44  3:57  Hellion  
  44  3:58  SCV  
  47  4:05  Refinery  
  47  4:06  SCV, Starport  
  47  4:09  Hellion  
  50  4:14  SCV, Supply Depot  
  50  4:16  Hellion  
  53  4:21  SCV  
  54  4:31  Supply Depot  
  54  4:36  SCV x2, Hellion x2  
  54  4:38  Hellion  
  54  4:48  SCV x2  
  53  4:55  Starport Tech Lab  
  53  4:58  Fusion Core  
  51  5:00  SCV x2  
  53  5:11  Hellion  
  53  5:12  SCV x2  
  53  5:13  Hellion  
  53  5:20  Hellion  
  51  5:24  SCV x2  
  48  5:34  Hellion  
  48  5:37  SCV x2  
  50  5:47  Hellion, Refinery  
  50  5:49  SCV x2  
  52  5:55  Battlecruiser  
  52  5:56  Hellion  
  56  6:01  SCV  
  56  6:02  SCV  
  58  6:12  Hellion  
  58  6:13  SCV  
  58  6:18  SCV  
  62  6:20  Command Center, Supply Depot  
  62  6:22  Hellion  
  62  6:25  SCV  
  63  6:28  Hellion x3  
  63  6:30  SCV  
  60  6:33  Hellion  
  60  6:37  SCV  
  59  6:42  SCV  
  59  6:43  Hellion  
  61  6:49  SCV  
  62  6:54  SCV  
  65  7:05  Supply Depot x2  
Show
View Real Time Build Order
Export as new Build Order

Mixu Zerg 

Build Orders: Hatch First 

Get SALT Encoding   

  12  0:00  Drone  
  13  0:12  Overlord  
  13  0:17  Drone  
  14  0:30  Drone x2  
  16  0:48  Hatchery  
  15  0:51  Drone  
  15  0:54  Drone  
  17  0:57  Drone  
  18  1:10  Extractor  
  17  1:12  Spawning Pool  
  17  1:15  Drone  
  17  1:19  Drone  
  18  1:27  Drone  
  19  1:38  Drone  
  20  1:49  Overlord  
  20  1:59  Queen  
  20  2:00  Queen  
  24  2:02  Zergling x2  
  24  2:03  Drone  
  26  2:11  Drone x2  
  28  2:22  Hatchery  
  27  2:25  Drone  
  27  2:29  Drone  
  29  2:32  Metabolic Boost  
  29  2:35  Drone  
  30  2:37  Drone  
  31  2:46  Queen  
  31  2:48  Overlord  
  33  2:51  Drone  
  33  2:53  Drone  
  33  2:56  Drone  
  36  3:06  Queen  
  36  3:07  Drone x2  
  40  3:15  Drone x4  
  44  3:21  Evolution Chamber  
  44  3:22  Drone  
  44  3:30  Overlord  
  44  3:33  Queen  
  46  3:35  Overlord, Zergling x2  
  46  3:38  Overlord  
  47  3:47  Overlord  
  47  3:48  Zergling x2, Zerg Melee Weapons Level 1  
  46  3:49  Zergling x2  
  46  3:52  Zergling x4  
  46  3:54  Zergling x2  
  47  3:56  Zergling x2  
  47  3:59  Zergling x4  
  47  4:01  Zergling x2  
  51  4:04  Zergling x4  
  51  4:09  Zergling x4  
  55  4:15  Queen  
  55  4:16  Zergling x2  
  58  4:19  Zergling x6  
  61  4:24  Zergling x4  
  61  4:29  Queen  
  61  4:31  Zergling x4  
  61  4:37  Zergling x2  
  59  4:41  Zergling x4  
  49  4:46  Zergling x6  
  43  4:53  Zergling x4  
  43  4:55  Zergling x2  
  42  5:02  Zergling x4  
  42  5:05  Zergling x2  
  44  5:11  Zergling x4  
  37  5:17  Zergling x2  
  33  5:23  Zergling x4  
  33  5:27  Zergling x2  
  30  5:36  Zergling x6  
  33  5:45  Zergling x6  
  34  5:54  Queen  
  34  5:56  Zergling x2  
  35  6:05  Zergling x6  
  35  6:07  Zergling x4  
  40  6:13  Zergling x2  
  41  6:23  Drone  
  42  6:26  Drone x2  
  42  6:31  Zergling x4  
  43  6:35  Drone  
  43  6:39  Drone  
  43  6:42  Zergling x2  
  41  6:47  Drone  
  41  6:49  Drone  
  41  6:52  Drone  
Tags
 
Add a new tag
Caveats
  • Supply blocks, unpowered buildings, or Contaminate may cause inaccurate times.
  • Supply counts are checked every 10 seconds.